 Dungeon Crawl Stone Soup version 0.25.1-2-g60ff931df9 (webtiles) character file.

Game seed: 11952478555877521352

837 Pl314 the Skirmisher (level 8, 0/70 HPs)
             Began as a Human Fighter on Nov 2, 2020.
             Was a Priest of Nemelex Xobeh.
             Hit by a boomerang thrown by something (9 damage)
             ... on level 6 of the Dungeon.
             The game lasted 01:33:33 (5176 turns).

Pl314 the Skirmisher (Human Fighter)                Turns: 5176, Time: 01:33:36

Health: 0/70       AC: 10    Str: 23    XL:     8   Next: 19%
Magic:  8/8        EV:  7    Int:  9    God:    Nemelex Xobeh [***...]
Gold:   294        SH: 15    Dex: 12    Spells: 7/7 levels left

rFire    + . .     SeeInvis .   a - +0 long sword (protect)
rCold    x . .     Gourm    .   c - +0 kite shield
rNeg     + . .     Faith    .   b - +0 scale mail
rPois    .         Spirit   .   i - +0 helmet
rElec    +         Reflect  +   (no cloak)
rCorr    .         Harm     .   (no gloves)
MR       +....                  o - +0 pair of boots
Stlth    ..........             s - amulet of reflection
HPRegen  0.21/turn              l - +4 ring of protection
MPRegen  0.11/turn              t - ring "Gusel" {Fire *Slow rElec rN+ MR+ Str+4}

@: no status effects
A: fangs 1, blurry vision 1, deformed body, robust 1
a: Draw Escape, Draw Destruction, Draw Summoning, Triple Draw, Renounce Religion


You were on level 6 of the Dungeon.
You worshipped Nemelex Xobeh.
Nemelex Xobeh was most pleased with you.
You were not hungry.

You visited 2 branches of the dungeon, and saw 7 of its levels.

You collected 294 gold pieces.

Inventory:

Hand Weapons
 a - a +0 long sword of protection (weapon)
Missiles
 g - 22 bolts
Armour
 b - a +0 scale mail (worn)
 c - a +0 kite shield (worn)
 i - a +0 helmet (worn)
 o - a +0 pair of boots (worn)
Jewellery
 k - an uncursed amulet of regeneration
 l - a +4 ring of protection (left hand)
 m - an uncursed ring of poison resistance
 n - a +6 ring of dexterity
 s - an amulet of reflection (around neck)
 t - the ring "Gusel" (right hand) {Fire *Slow rElec rN+ MR+ Str+4}
   (You found it on level 5 of the Dungeon)

   [ring of fire]

   It enhances your fire magic.
   It affects your strength (+4).
   It protects you from fire.
   It makes you vulnerable to cold.
   It insulates you from electricity.
   It protects you from negative energy.
   It affects your resistance to hostile enchantments.
   It may slow you when you take damage.
Wands
 u - a wand of polymorph (8)
Scrolls
 h - 3 scrolls of teleportation
 j - a scroll of identify
 q - a scroll of fog
Potions
 d - 3 potions of might
 e - 2 potions of curing
 p - a potion of resistance
Comestibles
 f - 6 rations
 w - a chunk of flesh


   Skills:
 * Level 5.7 Fighting
 * Level 5.4 Long Blades
 + Level 4.5 Armour
 + Level 4.6 Shields


You had 7 spell levels left.
You didn't know any spells.
Your spell library was empty.

Dungeon Overview and Level Annotations

Branches:
Dungeon (6/15)             Temple (1/1) D:6

Altars:
Cheibriados
Dithmenos
Elyvilon
Fedhas
Gozag
Hepliaklqana
Kikubaaqudgha
Makhleb
Nemelex Xobeh
Qazlal
Ru
Trog
Uskayaw
Vehumet
Wu Jian
Xom
Zin


Innate Abilities, Weirdness & Mutations

You have very sharp teeth.
Scrolls take you a little longer to read.
Armour fits poorly on your strangely shaped body.
You are robust. (+10% HP)


Message History

a +0 flail; a +0 scale mail; an orc corpse The orc barely misses your centaur.
A boomerang appears from out of thin air!
The boomerang hits your centaur!
Your centaur dies!
Your centaur's corpse disappears in a puff of smoke!
The weapon returns from whence it came!
You block the orc's attack. Something hits you.
* * * LOW HITPOINT WARNING * * *
Things that are here:
a +0 flail; a +0 scale mail; an orc corpse The ogre barely misses your centaur.
Something hits you.
* * * LOW HITPOINT WARNING * * *
The orc throws a stone.
You reflect the stone off an invisible shield around you!
The stone hits the orc but does no damage.
A boomerang appears from out of thin air!
The boomerang hits you!
You die...
Your body disappears without a glow.

.......................
##..............#......
##.(..........#......
##(########.......#
#(.# ##......# ##.##
#.....## #..###
######'###
.....######..#.....#
.............#o⌠@⌠.###
..#####(.....)..c..(.#
.## ###....#)⌠.⌠.#....
.# #....#.O...#.... ##
#....###'### ... ##
###.....#.# ...# .#
##.........##.... .##
##..........(...>#
..####.................


You could see an ogre, an orc and a friendly centaur (summoned).

Vanquished Creatures
  A hippogriff (D:6)
  A centaur (D:6)
  A bullfrog (D:6)
  A scorpion (D:6)
  A hound (D:6)
  A quasit (D:6)
  An iguana (D:5)
  Jessica (D:3)
  4 worker ants
  3 worker ant zombies
  3 adders
  2 worms
  A dart slug (D:1)
  3 leopard geckos
  7 orcs
  7 bats
  A giant cockroach (D:2)
  6 hobgoblins
  7 jackals
  2 quokkas
  5 frilled lizards
  A giant cockroach zombie (D:5)
  7 goblins
  3 kobolds
  2 leopard gecko skeletons
  4 rats
76 creatures vanquished.

Vanquished Creatures (collateral kills)
  Grinder (D:3)
  An orc (D:6)
2 creatures vanquished.

Vanquished Creatures (others)
  An orc (D:3)
  A ball python (D:1)
  2 kobolds (D:1)
4 creatures vanquished.

Grand Total: 82 creatures vanquished

Notes
Turn   | Place    | Note
-------+----------+-------------------------------------------
     0 | D:1      | Pl314 the Human Fighter began the quest for the Orb.
     0 | D:1      | Reached XP level 1. HP: 18/18 MP: 1/1
   231 | D:1      | Reached XP level 2. HP: 24/24 MP: 2/2
   992 | D:1      | Reached XP level 3. HP: 27/29 MP: 3/3
  1376 | D:2      | Found a hazy altar of Hepliaklqana.
  1388 | D:2      | Found a glowing silver altar of Zin.
  1388 | D:2      | Found a stormy altar of Qazlal.
  1390 | D:2      | Found a shimmering altar of Xom.
  1390 | D:2      | Found a sparkling altar of Nemelex Xobeh.
  1390 | D:2      | Found a shimmering altar of Xom.
  1454 | D:2      | Found a faded altar of an unknown god.
  1456 | D:2      | Became a worshipper of Nemelex Xobeh the Trickster
  1456 | D:2      | Received a gift from Nemelex Xobeh
  1456 | D:2      | Reached * piety under Nemelex Xobeh
  1456 | D:2      | Received a gift from Nemelex Xobeh
  1834 | D:2      | Received a gift from Nemelex Xobeh
  1974 | D:2      | Reached XP level 4. HP: 34/35 MP: 4/4
  2182 | D:3      | Reached ** piety under Nemelex Xobeh
  2379 | D:3      | Noticed Jessica
  2392 | D:3      | Killed Jessica
  2478 | D:3      | Noticed Grinder
  2507 | D:3      | Killed Grinder
  2507 | D:3      | Reached XP level 5. HP: 7/42 MP: 5/5
  2507 | D:3      | Reached XP level 6. HP: 8/48 MP: 6/6
  2664 | D:3      | Received a gift from Nemelex Xobeh
  2809 | D:4      | Found a sparkling altar of Nemelex Xobeh.
  3174 | D:4      | Gained mutation: Scrolls take you a little longer to read.
                  | [potion of mutation]
  3174 | D:4      | Gained mutation: You are robust. (+10% HP) [potion of
                  | mutation]
  3174 | D:4      | Gained mutation: Armour fits poorly on your strangely
                  | shaped body. [potion of mutation]
  3174 | D:4      | Gained mutation: You have very sharp teeth. [potion of
                  | mutation]
  3335 | D:5      | Entered Level 5 of the Dungeon
  3347 | D:5      | Received a gift from Nemelex Xobeh
  3668 | D:5      | Got a shimmering granite ring
  3810 | D:5      | Reached *** piety under Nemelex Xobeh
  3821 | D:5      | Identified the ring "Gusel" {Fire *Slow rElec rN+ MR+
                  | Str+4} (You found it on level 5 of the Dungeon)
  3925 | D:5      | Found a snail-covered altar of Cheibriados.
  3925 | D:5      | Found a sacrificial altar of Ru.
  4668 | D:6      | Received a gift from Nemelex Xobeh
  4683 | D:6      | Reached XP level 7. HP: 57/60 MP: 7/7
  4744 | D:6      | Reached skill level 5 in Fighting
  4790 | D:6      | Noticed a hippogriff
  4804 | D:6      | Killed a hippogriff
  4804 | D:6      | Reached skill level 5 in Long Blades
  4808 | D:6      | Reached XP level 8. HP: 57/69 MP: 8/8
  4994 | D:6      | Received a gift from Nemelex Xobeh
  4996 | D:6      | Found a staircase to the Ecumenical Temple.
  5005 | Temple   | Entered the Ecumenical Temple
  5176 | D:6      | Hit by a boomerang thrown by something

Illustrated notes

Levels and vault maps discovered:
D:1:      nzn_arrival_depleted_hourglass, layout_loops_corners,
          lemuel_flame_loot_1
D:2:      layout_basic, doesnt_xom_only_xom, serial_forest,
          infiniplex_forest_lined_room_, infiniplex_forest_end_3,
          infiniplex_forest_end_2, infiniplex_forest_corner_1,
          infiniplex_forest_end_2, first_ration,
          chequers_ecumenical_altar_twisty
D:3:      layout_loops_ring, uniq_grinder, uniq_jessica
D:4:      layout_cave_pools, overflow_temple_1_default
D:5:      layout_basic, gammafunk_temple_overflow_elements
D:6:      layout_layer_cave, minmay_temple_entry_hall, basic_altar,
          kennysheep_generic_room_6
Temple:   dshaligram_water_room_temple

Skill      XL: |  1  2  3  4  5  6  7 |
---------------+----------------------+-----
Long Blades    | 3 4 5 |  5.4
Fighting       | 4 5 |  5.7
Shields        | 4 |  4.6
Armour         | 4 |  4.5

Action                   |  1- 3 |  4- 6 |  7- 9 || total
-------------------------+-------+-------+-------++-------
Melee: Long sword        |    92 |   181 |    83 ||   356
       Bite              |       |     8 |    14 ||    22
Invok: Draw Escape       |       |     2 |       ||     2
       Draw Summoning    |       |     1 |     1 ||     2
       Draw Destruction  |       |     1 |       ||     1
  Use: Scroll            |     3 |     6 |     4 ||    13
       Potion            |     3 |     3 |       ||     6
  Eat: Chunk             |     3 |     8 |       ||    11
       Ration            |       |     1 |       ||     1
Armor: Scale mail        |    43 |    99 |    74 ||   216
Dodge: Dodged            |    36 |    60 |    32 ||   128
Block: Kite shield       |    44 |   109 |    85 ||   238
       Reflection        |       |       |     7 ||     7
       Rpst.: Long sword |    12 |    14 |     8 ||    34
